 Dungeon Crawl Stone Soup version 0.31.0-11-ge490571c62 (webtiles) character file.

Game seed: 10307914933151846206

369 hawla the Scratcher (level 6, 0/30 HPs)
             Began as a Felid Shapeshifter on Jan 27, 2024.
             Slain by a kobold brigand
             ... wielding a +0 club
              (3 damage)
             ... in a sewer.
             The game lasted 00:05:04 (2459 turns).

hawla the Scratcher (Felid Shapeshifter)            Turns: 2459, Time: 00:05:04

Health: 0/30       AC:  2    Str: 12    XL:     6   Next: 41%
Magic:  7/7        EV: 17    Int: 13    God:
Gold:   85         SH:  0    Dex: 16    Spells: 5/5 levels left
                                        Lives:  0   Deaths: 2

rFire   . .          .
                       - Unarmed
rCold   . . .        (shield unavailable)
rNeg    . . .        (body armour unavailable)
rPois   .            (helmet unavailable)
rElec   .            (cloak unavailable)
rCorr   .            (gloves unavailable)
SInv    +            (boots unavailable)
Will    .....        (no amulet)
Stlth   +            (no ring)
HPRegen 0.25/turn    (no ring)
MPRegen 0.10/turn

%: no passive effects
@: lethally poisoned (0 -> -2), beast-form, hasted, very quick
A: beast (slay +2), very small, claws 1, fangs 3, see invisible, shaggy fur 2,
stealthy paws, no weapons or thrown items, no armour, multi-lived
a: Begin Untransformation


You were in a sewer.
You were a hulking beast.
You visited 1 branch of the dungeon, and saw 3 of its levels.
You also visited: Sewer.

You collected 85 gold pieces.

Inventory:

Talismans
 b - a beast talisman
 c - a flux talisman
Wands
 a - a wand of iceblast (5) (quivered)
Scrolls
 f - 2 scrolls of enchant armour {unknown}
 g - a scroll of fog {unknown}
 h - a scroll of poison {unknown}
 i - a scroll of blinking {unknown}
 j - a scroll of fear {unknown}
Potions
 e - 2 potions of might {unknown}


   Skills:
 - Level 1.0 Fighting
 - Level 3.0 Dodging
 - Level 6.0 Unarmed Combat
 + Level 4.3 Shapeshifting


You had 5 spell levels left.
You didn't know any spells.
Your spell library was empty.

Dungeon Overview and Level Annotations

Branches:
Dungeon (3/15)              Sewer (1/1)

Altars:
The Shining One

Shops:
D:2 [


Innate Abilities, Weirdness & Mutations

You are a hulking beast.
Your limbs bulge with bestial killing power. (Slay +2)
You have sharp claws.
You have razor-sharp teeth.
You have supernaturally acute eyesight. (SInv)
You are covered in thick fur. (AC +2)
Your paws help you pounce on unaware monsters.
You are incapable of wielding weapons or throwing items.
You cannot wear armour.
You gain extra lives every three experience levels.


Message History

Found a scroll of teleportation.
The kobold brigand throws a poisoned dart.
The poisoned dart hits you!
You are poisoned.
You feel sick.
You feel sick.
The kobold shouts!
The kobold brigand throws a poisoned dart.
The poisoned dart completely misses you.
You feel sick.
The kobold brigand throws a poisoned dart.
The poisoned dart hits you!
You are more poisoned.
The kobold throws a stone.
The stone closely misses you.
You enter the shallow water.
Moving in this stuff is going to be slow.
You feel very sick. The kobold brigand misses you.
The kobold completely misses you.
You feel very sick.
The kobold brigand attacks as it pursues you!
The kobold brigand splashes around in the water.
You scratch the kobold brigand.
The kobold brigand is lightly wounded.
You feel sick.
The kobold brigand splashes around in the water.
You claw the kobold brigand!
The kobold brigand is moderately wounded.
You feel sick.
The kobold brigand hits you with a +0 club.
You claw the kobold brigand!
The kobold brigand is severely wounded.
You feel sick. The kobold brigand barely misses you.
You closely miss the kobold brigand.
The kobold brigand is severely wounded.
You feel sick.
The kobold brigand hits you with a +0 club.
* * * LOW HITPOINT WARNING * * *
You feel yourself speed up.
You feel sick.
The kobold brigand hits you with a +0 club.
You die...

##### ## # ##...## .#.#
.~.#####.....#####...#
...~~~~~....~...hKK..#
...#####).~~.#####.?..#
K~ ##..~## #.### ≈#
##~## ## ≈# #~# ≈# #~#
≈## ##~## ##### ~.##
##~.~## ##~..##
.~~#####..~..####.....#


You could see a kobold brigand and a kobold.

Vanquished Creatures
  Sigmund (D:3)
  A kobold brigand (Sewer)
  2 river rats (D:3)
  4 adders
  3 ribbon worms (D:2)
  4 orcs (D:3)
  4 bats
  3 endoplasms
  5 giant cockroaches
  A goblin (D:1)
  8 hobgoblins
  6 jackals
  3 quokkas
  6 ball pythons
  6 frilled lizards (D:1)
  8 kobolds
  9 rats
74 creatures vanquished.

Notes
Turn   | Place    | Note
-------+----------+-------------------------------------------
     0 | D:1      | hawla the Felid Shapeshifter began the quest for the Orb.
     0 | D:1      | Reached XP level 1. HP: 10/10 MP: 2/2
   180 | D:1      | Reached XP level 2. HP: 13/14 MP: 3/3
   659 | D:1      | Reached skill level 4 in Unarmed Combat
   836 | D:2      | Reached XP level 3. HP: 12/18 MP: 4/4
  1071 | D:2      | Found Ahor's Antique Armour Boutique.
  1265 | D:2      | Found a glowing golden altar of the Shining One.
  1776 | D:3      | Reached XP level 4. HP: 22/22 MP: 5/5
  1776 | D:3      | Gained a life (2 lives remaining)
  1782 | D:3      | Noticed Sigmund
  1784 | D:3      | Found a glowing drain.
  1800 | D:3      | Reached skill level 5 in Unarmed Combat
  1825 | D:3      | Killed from afar by Sigmund
  1825 | D:3      | Lost a life (1 life remaining)
  1842 | D:3      | Slain by Sigmund
  1842 | D:3      | Lost a life (0 lives remaining)
  1971 | D:3      | Killed Sigmund
  1972 | D:3      | Reached skill level 6 in Unarmed Combat
  1972 | D:3      | Reached XP level 5. HP: 25/25 MP: 6/6
  1984 | Sewer    | Entered a sewer
  2086 | Sewer    | Gained mutation: You are covered in thick fur. (AC +2)
                  | [Felid growth]
  2086 | Sewer    | Reached XP level 6. HP: 26/30 MP: 7/7
  2459 | Sewer    | Slain by a kobold brigand

Illustrated notes

Levels and vault maps discovered:
D:1:      sevenhm_arrival_forest_fort_large_2, layout_basic, serial_forest,
          infiniplex_forest_lined_2, infiniplex_forest_corner_2,
          infiniplex_forest_straight_2, infiniplex_forest_clump_small,
          infiniplex_forest_clump_small, infiniplex_forest_end_2,
          infiniplex_forest_clump_curved
D:2:      layout_basic, basic_altar, serial_shops,
          nicolae_shop_advertising_works [nicolae_subvault_shop_adworks]
D:3:      minmay_recursive_quarters, layout_rooms, lemuel_crystal_altar,
          cheibrodos_sewer_entry_sluice, serial_bayou_pond_b, uniq_terence,
          uniq_sigmund, uniq_natasha
Sewer:    sewer_co_15_rooms

Skill      XL: |  1  2  3  4  5  6 |
---------------+-------------------+-----
Dodging        | 3 |  3.0
Unarmed Combat | 4 6 |  6.0
Shapeshifting  | 3 4 |  4.3
Fighting       | |  1.0

Action                     |  1- 3 |  4- 6 || total
---------------------------+-------+-------++-------
  Melee: Unarmed           |   120 |   101 ||   221
         Bite              |     8 |     8 ||    16
         Punch             |     3 |     1 ||     4
  Evoke: Wand              |       |     2 ||     2
    Use: Scroll            |     2 |     1 ||     3
         Potion            |     2 |     3 ||     5
   Stab: Sleeping          |     3 |       ||     3
 Armour: Skin              |    42 |    43 ||    85
  Dodge: Dodged            |    96 |    87 ||   183
